 Dungeon Crawl Stone Soup version 0.19-a0-28-g8794423 (webtiles) character file.

573 zxpr0jk the Chiller (level 7, -2/50 HPs)
             Began as a Black Draconian Ice Elementalist on May 1, 2016.
             Slain by an ice beast (17 damage)
             ... on level 4 of the Dungeon.
             The game lasted 00:10:22 (3409 turns).

zxpr0jk the Chiller (DrIE)                          Turns: 3409, Time: 00:10:22

Health: -2/50      AC: 14    Str: 10    XL:     7   Next: 12%
Magic:  12/13      EV: 12    Int: 19    God:
Gold:   159        SH:  0    Dex: 14    Spells: 2 memorised, 11 levels left

rFire  . . .     SeeInvis .     m - +1 dagger (elec)
rCold  . . .     Gourm    .     (armour unavailable)
rNeg   . . .     Faith    .     (no shield)
rPois  .         Spirit   .     (helmet restricted)
rElec  +         Dismiss  .     (no cloak)
rCorr  .         Reflect  .     (no gloves)
SustAt .         Harm     +     (no boots)
MR     .....                    n - amulet of harm
Stlth  ++........               p - +2 ring of protection
                                d - +4 ring of intelligence

@: icy armour, short of breath, slowed, very slow, not resistant to hostile
enchantments, unstealthy
A: breathe lightning, unfitting armour, electricity resistance, cold-blooded, AC
+6
a: Breathe Lightning


You were on level 4 of the Dungeon.
You were not hungry.

You visited 1 branch of the dungeon, and saw 5 of its levels.

You collected 159 gold pieces.

Inventory:

Hand Weapons
 m - a +1 dagger of electrocution (weapon)
 r - a +1 war axe of chopping
 t - a +3 war axe
 v - a +0 hunting sling
Missiles
 e - 84 stones (quivered)
 g - 10 poisoned needles
 q - 67 sling bullets
Magical Staves
 u - an uncursed staff of energy
Jewellery
 d - a +4 ring of intelligence (left hand)
 k - an uncursed ring of protection from fire
 n - an amulet of harm (around neck)
 p - a +2 ring of protection (right hand)
Scrolls
 c - 4 scrolls of identify
 h - a scroll of recharging
 i - a scroll of enchant armour
 l - 2 scrolls of remove curse {unknown}
 o - a scroll of immolation {unknown}
 s - a scroll of amnesia
Potions
 w - 2 potions of magic
Books
 a - a book of Frost

   Spells                             Type                      Level
   a - Freeze                         Ice                          1
   b - Throw Frost                    Conjuration/Ice              2
   c - Ozocubu's Armour               Charms/Ice                   3
   d - Throw Icicle                   Conjuration/Ice              4
   e - Summon Ice Beast               Ice/Summoning                4
Comestibles
 b - 2 bread rations
 f - 3 meat rations
 j - 5 chunks of flesh


   Skills:
 - Level 1.7 Dodging
 - Level 1.7 Stealth
 + Level 4.6 Spellcasting
   Level 1.0 Conjurations
 * Level 6.7 Ice Magic


You had 11 spell levels left.
You knew the following spells:

 Your Spells              Type           Power        Failure   Level  Hunger
a - Freeze                Ice            ####         1%          1    None
b - Ozocubu's Armour      Chrm/Ice       ###.....     12%         3    ###....


Dungeon Overview and Level Annotations

Branches:
Dungeon (5/15)
 Temple: D:4-7

Altars:
Dithmenos
Sif Muna


Innate Abilities, Weirdness & Mutations

You can breathe wild blasts of lightning.
Your glossy black scales are hard (AC +6).
Your body does not fit into most forms of armour.
You are resistant to electric shocks.
You are cold-blooded and may be slowed by cold attacks.


Message History

The ice beast barely misses you.
The orc priest calls down the wrath of Beogh upon you.
Beogh smites you!
You climb upwards.
There is a stone staircase leading down here.
Drink which item? (? for menu, Esc to quit)
Okay, then.
Casting: Ozocubu's Armour
Confirm with . or Enter, or press ? or * to list all spells.
Okay, then.
Wield which item (- for none, * to show all)? (? for menu, Esc to quit)
Okay, then.
Read which item? (? for menu, Esc to quit)
Okay, then.
You hit the ice beast but do no damage.
The ice beast hits you but does no damage.
You closely miss the ice beast. The ice beast hits you.
* * * LOW HITPOINT WARNING * * *
The ice beast freezes you!
You feel yourself slow down.
You die...

.##.#####..### #......)...#
###....###...#####..........#
######..........############# .##
########.#.########### ..####
#.............#
.....#########..)####.....##
......................##...#
....#.##############.......#
.####.....# #.@Y...#.#.###
##8######.#####.######...#####
._._.#.##...........###......##
#...##.#######..###.# ##.###..#
#...##..#......## #.## #.# ##.#
##'####.....#### #..# #.# #.##
....#.....#...### ##.###.####..##
.<....#######...####.............
.....## ###..........###.....


You could see an ice beast.

Vanquished Creatures
  Duvessa (D:4)
  Dowan (D:4)
  A hound (D:5)
  A giant frog skeleton (D:4)
  A centaur skeleton (D:4)
  A gnoll shaman (D:4)
  3 orc wizards
  A worker ant (D:4)
  7 gnolls (D:4)
  5 adders
  2 worms
  A dart slug (D:1)
  A giant gecko (D:2)
  10 orcs
  6 bats
  A giant cockroach (D:5)
  5 goblins
  8 hobgoblins
  9 jackals
  A quokka (D:4)
  2 giant newts (D:1)
  10 kobolds
  8 rats
86 creatures vanquished.

Notes
Turn   | Place    | Note
--------------------------------------------------------------
     0 | D:1      | zxpr0jk the Draconian Ice Elementalist began the quest for the Orb.
     0 | D:1      | Reached XP level 1. HP: 14/14 MP: 3/3
   132 | D:1      | Reached XP level 2. HP: 4/20 MP: 0/5
   153 | D:1      | HP: 1/20 [kobold (2)]
  1031 | D:1      | Reached XP level 3. HP: 26/26 MP: 6/6
  1044 | D:1      | Learned a level 3 spell: Ozocubu's Armour
  1468 | D:2      | Reached skill level 4 in Ice Magic
  1657 | D:2      | Reached XP level 4. HP: 27/33 MP: 8/8
  2505 | D:4      | Found a shadowy altar of Dithmenos.
  2505 | D:4      | Found a deep blue altar of Sif Muna.
  2594 | D:4      | Reached skill level 5 in Ice Magic
  2594 | D:4      | Reached XP level 5. HP: 38/38 MP: 8/10
  2755 | D:4      | Noticed Duvessa
  2761 | D:4      | Noticed Dowan
  2788 | D:4      | Reached XP level 6. HP: 31/45 MP: 11/11
  2804 | D:4      | Killed Duvessa
  2804 | D:4      | Reached skill level 6 in Ice Magic
  2832 | D:4      | Killed Dowan
  3205 | D:4      | Your scales start taking on a glossy black colour.
  3205 | D:4      | Reached XP level 7. HP: 39/50 MP: 13/13
  3205 | D:4      | Gained mutation: You are resistant to electric shocks. [Black Draconian growth]
  3393 | D:5      | Entered Level 5 of the Dungeon
  3409 | D:4      | Slain by an ice beast

Vault maps used:
D:1:      saegor_arrival_simple_b
D:2:      nicolae_overflow_hidden_temple
D:3:      first_bread
D:4:      gammafunk_temple_overflow_statue, corexii_corridor_pit, uniq_duvessa
D:5:      kennysheep_slugbush, fiery_altar_vehumet, zin_statuary,
          nicolae_ru_the_path_less_chosen, serial_shops, kennysheep_mini_moat

Skill      XL: |  1  2  3  4  5  6 |
---------------+-------------------+-----
Ice Magic      | 4 5 6 |  6.7
Spellcasting   | 3 4 |  4.6
Dodging        | |  1.7
Stealth        | |  1.7
Conjurations   | |  1.0

Action                   |  1- 3 |  4- 6 |  7- 9 || total
-------------------------+-------+-------+-------++-------
Melee: Short sword       |    76 |       |       ||    76
       Unarmed           |     1 |       |       ||     1
       Tailslap          |     7 |    12 |     1 ||    20
       Dagger            |    53 |   114 |    22 ||   189
 Fire: Hunting sling     |       |    27 |       ||    27
 Cast: Freeze            |    21 |     3 |       ||    24
       Ozocubu's Armour  |     2 |     4 |     2 ||     8
 Abil: Breathe Lightning |       |       |     1 ||     1
  Use: Potion            |     1 |     2 |       ||     3
       Scroll            |       |     4 |       ||     4
 Stab: Sleeping          |     4 |     1 |       ||     5
  Eat: Chunk             |     3 |     2 |       ||     5
       Bread ration      |       |     1 |       ||     1
Armor: Skin              |    61 |    42 |     6 ||   109
Dodge: Dodged            |   147 |    82 |    14 ||   243
